PIO
GREAT FALLS VOYAGERS @ CHICAGO (RK+) CUBS
09/16/2080
 
TOP OF THE 1ST
Great Falls Voyagers batting - Pitching for Chicago (Rk+) Cubs : RHP Marco Guardian
Pitching: RHP Marco Guardian
Batting: SHB Mark Nava 0-0: Swinging Strike
0-1: Ball
1-1: Called Strike
1-2: Foul Ball, location: 2F
1-2: Ball
2-2: Ball
3-2: SINGLE (Line Drive, 4D, EV 110.6 MPH)
Batting: SHB Nasson Vogel 0-0: Called Strike
0-1: Swinging Strike
0-2: Ball
1-2: Reached on error, E5 (Groundball, 56, EV 88.1 MPH)
Mark Nava to second
Batting: RHB Andy Bell 0-0: Called Strike
0-1: Foul Ball, location: 2F
0-2: Ball
1-2: Ground out 3-1 (Groundball, 34S, EV 73.1 MPH)
Mark Nava to third
Nasson Vogel to second
Batting: LHB Jeff Garrison 0-0: Ground out U3 (Groundball, 3, EV 101.2 MPH)
Batting: RHB Esteban Reyes 0-0: Foul Ball, location: 2F
0-1: Ball
1-1: Swinging Strike
1-2: Foul Ball, location: 2F
1-2: SINGLE (Line Drive, 4D, EV 106.9 MPH)
Mark Nava scores
Nasson Vogel to third
Runner from 3rd tries for Home, SAFE, throw by RF to home
Batting: LHB Brian Kaufmann 0-0: Ball
1-0: DOUBLE (Line Drive, 78XD, EV 102.5 MPH)
Esteban Reyes to third
Batting: RHB Alex Pantoja 0-0: Ball
1-0: Fly out, F9 (Flyball, 9S, EV 87.5 MPH)
Top of the 1st over - 2 runs, 3 hits, 1 error, 2 left on base; Great Falls 2 - Chicago (Rk+) 0
BOTTOM OF THE 1ST
Chicago (Rk+) Cubs batting - Pitching for Great Falls Voyagers : RHP Dan Tomlinson
Pitching: RHP Dan Tomlinson
Batting: RHB Nestor Colon 0-0: Ground out 6-3 (Groundball, 56, EV 83.8 MPH)
Batting: LHB Alex Corral 0-0: Ball
1-0: Foul Ball, location: 2F
1-1: Foul Ball, location: 2F
1-2: Foul Ball, location: 2F
1-2: Strikes out swinging
Batting: RHB Juan Pagan 0-0: Called Strike
0-1: Ball
1-1: Foul Ball, location: 2F
1-2: Strikes out looking
Bottom of the 1st over - 0 runs, 0 hits, 0 errors, 0 left on base; Great Falls 2 - Chicago (Rk+) 0
TOP OF THE 2ND
Great Falls Voyagers batting - Pitching for Chicago (Rk+) Cubs : RHP Marco Guardian
Batting: SHB Roberto Moreno 0-0: Foul Ball, location: 2F
0-1: Fly out, F9 (Line Drive, 9S, EV 90.6 MPH)
Batting: LHB Carlos Barocio 0-0: Fly out, F9 (Line Drive, 9, EV 88.1 MPH)
Batting: SHB Mark Nava 0-0: Ball
1-0: Called Strike
1-1: Fly out, F6 (Popup, 6M, EV 75.6 MPH)
Top of the 2nd over - 0 runs, 0 hits, 0 errors, 0 left on base; Great Falls 2 - Chicago (Rk+) 0
BOTTOM OF THE 2ND
Chicago (Rk+) Cubs batting - Pitching for Great Falls Voyagers : RHP Dan Tomlinson
Batting: LHB Adam Douglas 0-0: Foul Ball, location: 2F
0-1: Foul Ball, location: 2F
0-2: Strikes out swinging
Batting: RHB Alex de la Cruz 0-0: Foul Ball, location: 2F
0-1: Called Strike
0-2: Strikes out swinging
Batting: RHB Melvin Nieves 0-0: SINGLE (Groundball, 4MD, EV 106.9 MPH) (infield hit)
Batting: LHB Mendel Dantuma 0-0: Called Strike
0-1: Called Strike
Melvin Nieves steals 2nd base
0-2: Strikes out swinging
Bottom of the 2nd over - 0 runs, 1 hit, 0 errors, 1 left on base; Great Falls 2 - Chicago (Rk+) 0
TOP OF THE 3RD
Great Falls Voyagers batting - Pitching for Chicago (Rk+) Cubs : RHP Marco Guardian
Batting: SHB Nasson Vogel 0-0: Called Strike
0-1: Foul Ball, location: 2F
0-2: Foul Ball, location: 2F
0-2: Ball
1-2: Strikes out looking
Batting: RHB Andy Bell 0-0: Ball
1-0: Ball
2-0: Called Strike
2-1: Foul Ball, location: 2F
2-2: Foul Ball, location: 2F
2-2: Foul Ball, location: 2F
2-2: SINGLE (Flyball, 9LS, EV 97.5 MPH)
Batting: LHB Jeff Garrison 0-0: Ball
1-0: Called Strike
1-1: Ball
2-1: Foul Ball, location: 2F
2-2: Ball
3-2: Fielders Choice at 2nd, 6-4 (Groundball, 6, EV 85.0 MPH)
Batting: RHB Esteban Reyes 0-0: Ball
1-0: Foul Ball, location: 2F
1-1: Foul Ball, location: 2F
1-2: SINGLE (Line Drive, 7S, EV 108.1 MPH)
Jeff Garrison to second
Batting: LHB Brian Kaufmann 0-0: Ball
1-0: Ground out 4-3 (Groundball, 34, EV 86.9 MPH)
Top of the 3rd over - 0 runs, 2 hits, 0 errors, 2 left on base; Great Falls 2 - Chicago (Rk+) 0
BOTTOM OF THE 3RD
Chicago (Rk+) Cubs batting - Pitching for Great Falls Voyagers : RHP Dan Tomlinson
Batting: RHB Kevin Spearman 0-0: Swinging Strike
0-1: Ball
1-1: Ball
2-1: Ball
3-1: Foul Ball, location: 2F
3-2: Strikes out looking
Batting: RHB Manuel Espinoza 0-0: Called Strike
0-1: Swinging Strike
0-2: Foul Ball, location: 2F
0-2: Foul Ball, location: 2F
0-2: Foul Ball, location: 2F
0-2: Strikes out swinging
Batting: RHB Nestor Colon 0-0: Called Strike
0-1: Called Strike
0-2: Strikes out swinging
Bottom of the 3rd over - 0 runs, 0 hits, 0 errors, 0 left on base; Great Falls 2 - Chicago (Rk+) 0
TOP OF THE 4TH
Great Falls Voyagers batting - Pitching for Chicago (Rk+) Cubs : RHP Marco Guardian
Batting: RHB Alex Pantoja 0-0: Ball
1-0: Ball
2-0: Foul Ball, location: 2F
2-1: Foul Ball, location: 2F
2-2: SOLO HOME RUN (Flyball, 78XD, EV 108.1 MPH), Distance : 430 ft
Batting: SHB Roberto Moreno 0-0: Swinging Strike
0-1: Ball
1-1: SINGLE (Line Drive, 34, EV 101.2 MPH)
Batting: LHB Carlos Barocio 0-0: Foul Ball, location: 2F
0-1: Ball
1-1: Ball
2-1: 2-RUN HOME RUN (Flyball, 9LD, EV 93.1 MPH), Distance : 350 ft
Pitching: RHP Alfredo Esquivel
Batting: SHB Mark Nava 0-0: Ball
1-0: Ground out 1-3 (Groundball, 13, EV 74.4 MPH)
Batting: SHB Nasson Vogel 0-0: Ball
1-0: Called Strike
1-1: Ball
2-1: Ground out 5-3 (Groundball, 56S, EV 88.1 MPH)
Batting: RHB Andy Bell 0-0: SINGLE (Groundball, 3D, EV 96.2 MPH)
Batting: LHB Jeff Garrison 0-0: Ball
1-0: Ground out 6-3 (Groundball, 6S, EV 81.9 MPH)
Top of the 4th over - 3 runs, 4 hits, 0 errors, 1 left on base; Great Falls 5 - Chicago (Rk+) 0
BOTTOM OF THE 4TH
Chicago (Rk+) Cubs batting - Pitching for Great Falls Voyagers : RHP Dan Tomlinson
Batting: LHB Alex Corral 0-0: Fly out, F7 (Flyball, 78M, EV 88.1 MPH)
Batting: RHB Juan Pagan 0-0: Ball
1-0: Fly out, F8 (Line Drive, 8LD, EV 92.5 MPH)
Batting: LHB Adam Douglas 0-0: Ball
1-0: Ball
2-0: Called Strike
2-1: Ball
3-1: Foul Ball, location: 2F
3-2: Base on Balls
Batting: RHB Alex de la Cruz 0-0: Called Strike
0-1: Ball
1-1: Called Strike
1-2: Foul Ball, location: 2F
1-2: Ball
2-2: Fly out, F6 (Line Drive, 6, EV 65.0 MPH)
Bottom of the 4th over - 0 runs, 0 hits, 0 errors, 1 left on base; Great Falls 5 - Chicago (Rk+) 0
TOP OF THE 5TH
Great Falls Voyagers batting - Pitching for Chicago (Rk+) Cubs : RHP Alfredo Esquivel
Batting: RHB Esteban Reyes 0-0: Called Strike
0-1: Ball
1-1: Ball
2-1: Ball
3-1: Fly out, F9 (Flyball, 9S, EV 86.9 MPH)
Batting: LHB Brian Kaufmann 0-0: Ball
1-0: Called Strike
1-1: Ball
2-1: Foul Ball, location: 2F
2-2: Strikes out looking
Batting: RHB Alex Pantoja 0-0: Called Strike
0-1: Swinging Strike
0-2: Ground out 3-1 (Groundball, 34S, EV 91.9 MPH)
Top of the 5th over - 0 runs, 0 hits, 0 errors, 0 left on base; Great Falls 5 - Chicago (Rk+) 0
BOTTOM OF THE 5TH
Chicago (Rk+) Cubs batting - Pitching for Great Falls Voyagers : RHP Dan Tomlinson
Batting: RHB Melvin Nieves 0-0: Ball
1-0: Called Strike
1-1: Foul Ball, location: 2F
1-2: Ball
2-2: Strikes out swinging, 2-3 out at first.
Batting: LHB Mendel Dantuma 0-0: Called Strike
0-1: Called Strike
0-2: Strikes out swinging
Batting: RHB Kevin Spearman 0-0: Called Strike
0-1: Ground out 3-1 (Groundball, 34, EV 110.0 MPH)
Bottom of the 5th over - 0 runs, 0 hits, 0 errors, 0 left on base; Great Falls 5 - Chicago (Rk+) 0
TOP OF THE 6TH
Great Falls Voyagers batting - Pitching for Chicago (Rk+) Cubs : RHP Alfredo Esquivel
Batting: SHB Roberto Moreno 0-0: Ball
1-0: Foul Ball, location: 2F
1-1: Ball
2-1: Foul Ball, location: 2F
2-2: SINGLE (Line Drive, 8RS, EV 96.9 MPH)
Batting: LHB Carlos Barocio 0-0: Called Strike
0-1: Ball
1-1: Ball
2-1: Called Strike
Roberto Moreno steals 2nd base
2-2: Strikes out swinging
Batting: SHB Mark Nava 0-0: Ball
1-0: Fly out, F9 (Flyball, 9LM, EV 103.1 MPH)
Batting: SHB Nasson Vogel 0-0: Called Strike
0-1: Swinging Strike
0-2: Ball
1-2: Ball
2-2: Strikes out swinging
Top of the 6th over - 0 runs, 1 hit, 0 errors, 1 left on base; Great Falls 5 - Chicago (Rk+) 0
BOTTOM OF THE 6TH
Chicago (Rk+) Cubs batting - Pitching for Great Falls Voyagers : RHP Dan Tomlinson
Batting: RHB Manuel Espinoza 0-0: Called Strike
0-1: Swinging Strike
0-2: Foul Ball, location: 2F
0-2: Ball
1-2: Foul Ball, location: 2F
1-2: Strikes out swinging, 2-3 out at first.
Batting: RHB Nestor Colon 0-0: SINGLE (Groundball, 25, EV 73.8 MPH) (infield hit)
Batting: LHB Alex Corral 0-0: Called Strike
0-1: Ball
1-1: Ball
Nestor Colon steals 2nd base
2-1: Foul Ball, location: 2F
2-2: Ball
3-2: Ground out 4-3 (Groundball, 4, EV 96.2 MPH)
Nestor Colon to third
Batting: RHB Juan Pagan 0-0: Called Strike
0-1: Fly out, F9 (Flyball, 9D, EV 101.9 MPH)
Bottom of the 6th over - 0 runs, 1 hit, 0 errors, 1 left on base; Great Falls 5 - Chicago (Rk+) 0
TOP OF THE 7TH
Great Falls Voyagers batting - Pitching for Chicago (Rk+) Cubs : RHP Alfredo Esquivel
Batting: RHB Andy Bell 0-0: Called Strike
0-1: Swinging Strike
0-2: Ball
1-2: Foul Ball, location: 2F
1-2: Strikes out swinging
Pitching: RHP Danny Cintron
Batting: LHB Jeff Garrison 0-0: Ball
1-0: Ball
2-0: Ball
3-0: Base on Balls
Batting: RHB Esteban Reyes 0-0: Ball
1-0: Ball
2-0: Foul Ball, location: 2F
2-1: Swinging Strike
2-2: Fly out, F7 (Flyball, 7S, EV 91.2 MPH)
Batting: LHB Brian Kaufmann 0-0: Fielders Choice at 2nd, 6-4 (Groundball, 6, EV 105.6 MPH)
Top of the 7th over - 0 runs, 0 hits, 0 errors, 1 left on base; Great Falls 5 - Chicago (Rk+) 0
BOTTOM OF THE 7TH
Chicago (Rk+) Cubs batting - Pitching for Great Falls Voyagers : RHP Dan Tomlinson
Batting: LHB Adam Douglas 0-0: SINGLE (Groundball, 4MD, EV 105.6 MPH)
Batting: RHB Alex de la Cruz 0-0: Foul Ball, location: 2F
0-1: Foul Ball, location: 2F
0-2: Ball
1-2: Fielders Choice at 2nd, 5-4 (Groundball, 5, EV 83.8 MPH)
Batting: RHB Melvin Nieves 0-0: Ball
1-0: Ball
Alex de la Cruz steals 2nd base
2-0: Ball
3-0: Called Strike
3-1: Foul Ball, location: 2F
3-2: Ground out U3 (Groundball, 13, EV 86.2 MPH)
Alex de la Cruz to third
Pitching: RHP Corey Gasiewski
Batting: LHB Mendel Dantuma 0-0: Foul Ball, location: 2F
0-1: Ball
1-1: Ball
2-1: DOUBLE (Groundball, 3L, EV 110.0 MPH)
Alex de la Cruz scores
Batting: RHB Kevin Spearman 0-0: Called Strike
0-1: Ball
1-1: Ball
2-1: Foul Ball, location: 2F
2-2: Strikes out looking
Bottom of the 7th over - 1 run, 2 hits, 0 errors, 1 left on base; Great Falls 5 - Chicago (Rk+) 1
TOP OF THE 8TH
Great Falls Voyagers batting - Pitching for Chicago (Rk+) Cubs : RHP Danny Cintron
Batting: RHB Alex Pantoja 0-0: Swinging Strike
0-1: Swinging Strike
0-2: Fly out, F9 (Flyball, 89M, EV 88.8 MPH)
Batting: SHB Roberto Moreno 0-0: Ball
1-0: Ball
2-0: Called Strike
2-1: Swinging Strike
2-2: Ball
3-2: Foul Ball, location: 2F
3-2: SOLO HOME RUN (Flyball, 9LD, EV 92.5 MPH), Distance : 358 ft
Batting: LHB Carlos Barocio 0-0: Ball
1-0: Ground out 4-3 (Groundball, 34, EV 104.4 MPH)
Batting: SHB Mark Nava 0-0: Ball
1-0: Called Strike
1-1: Foul Ball, location: 2F
1-2: Ball
2-2: Strikes out swinging
Top of the 8th over - 1 run, 1 hit, 0 errors, 0 left on base; Great Falls 6 - Chicago (Rk+) 1
BOTTOM OF THE 8TH
Chicago (Rk+) Cubs batting - Pitching for Great Falls Voyagers : RHP Corey Gasiewski
Pinch Hitting: LHB Roger Peterson 0-0: Ball
1-0: Called Strike
1-1: Foul Ball, location: 2F
1-2: Ball
2-2: Strikes out swinging
Batting: RHB Nestor Colon 0-0: Called Strike
0-1: Called Strike
0-2: Strikes out looking
Batting: LHB Alex Corral 0-0: Called Strike
0-1: Swinging Strike
0-2: Ball
1-2: Ball
2-2: Foul Ball, location: 2F
2-2: Fly out, F8 (Flyball, 8LD, EV 78.8 MPH)
Bottom of the 8th over - 0 runs, 0 hits, 0 errors, 0 left on base; Great Falls 6 - Chicago (Rk+) 1
TOP OF THE 9TH
Great Falls Voyagers batting - Pitching for Chicago (Rk+) Cubs : RHP Danny Cintron
Pitching: RHP Tony Saldivar
Now at 3B: Angel de la Cruz
Batting: SHB Nasson Vogel 0-0: Foul Ball, location: 2F
0-1: Foul Ball, location: 2F
0-2: Foul Ball, location: 2F
0-2: Foul Ball, location: 2F
0-2: Reached on error, E2 (Groundball, 2L, EV 61.9 MPH)
Batting: RHB Andy Bell 0-0: Ball
1-0: Called Strike
1-1: Foul Ball, location: 2F
1-2: 2-RUN HOME RUN (Flyball, 89XD, EV 103.8 MPH), Distance : 407 ft
Batting: LHB Jeff Garrison 0-0: Ball
1-0: Foul Ball, location: 2F
1-1: Ball
2-1: Foul Ball, location: 2F
2-2: DOUBLE (Flyball, 8LXD, EV 101.2 MPH)
Batting: RHB Esteban Reyes 0-0: Ball
1-0: Called Strike
1-1: Ball
2-1: Ball
3-1: SINGLE (Line Drive, 78S, EV 100.0 MPH)
Jeff Garrison to third
Batting: LHB Brian Kaufmann 0-0: Swinging Strike
0-1: Fielders Choice at 2nd, 1-4 (Groundball, 15S, EV 73.1 MPH)
Batting: RHB Alex Pantoja 0-0: Ball
1-0: Fielders Choice at 2nd, 4-6 (Groundball, 34, EV 89.4 MPH)
Jeff Garrison scores
Batting: SHB Roberto Moreno 0-0: Called Strike
0-1: Swinging Strike
0-2: Strikes out looking
Top of the 9th over - 3 runs, 3 hits, 1 error, 1 left on base; Great Falls 9 - Chicago (Rk+) 1
BOTTOM OF THE 9TH
Chicago (Rk+) Cubs batting - Pitching for Great Falls Voyagers : RHP Corey Gasiewski
Batting: RHB Juan Pagan 0-0: Called Strike
0-1: Ball
1-1: Called Strike
1-2: DOUBLE (Groundball, 5L, EV 107.5 MPH)
Batting: LHB Adam Douglas 0-0: Foul Ball, location: 2F
0-1: Called Strike
0-2: Ball
1-2: Fly out, F4 (Popup, 23, EV 81.2 MPH)
Pinch Hitting: LHB Ben Grosser 0-0: Called Strike
0-1: Ball
1-1: Ball
2-1: Called Strike
2-2: Ground out 6-3 (Groundball, 56D, EV 104.4 MPH)
Batting: RHB Melvin Nieves 0-0: Foul Ball, location: 2F
0-1: Called Strike
0-2: Foul Ball, location: 2F
0-2: Foul Ball, location: 2F
0-2: Strikes out looking
Bottom of the 9th over - 0 runs, 1 hit, 0 errors, 1 left on base; Great Falls 9 - Chicago (Rk+) 1
Wednesday, July 27th , 2022 - OOTP Baseball 23.5 Build 73